 Dungeon Crawl Stone Soup version 0.23-a0-814-g91b4073 (webtiles) character file.

63 tidbits the Chiller (level 4, 2/38 HPs)
             Began as a Gnoll Wanderer on Jan 21, 2019.
             Quit the game on level 2 of the Dungeon.
             The game lasted 00:04:48 (420 turns).

tidbits the Chiller (Gnoll Wanderer)                 Turns: 420, Time: 00:04:48

Health: 2/38       AC:  2    Str: 11    XL:     4   Next: 10%
Magic:  2/8        EV: 12    Int: 17    God:
Gold:   77         SH:  0    Dex: 16    Spells: 7/8 levels left

rFire    . . .     SeeInvis .   b - +0 short sword (elec)
rCold    . . .     Gourm    .   (no shield)
rNeg     . . .     Faith    .   d - +0 robe
rPois    .         Spirit   .   (no helmet)
rElec    .         Reflect  .   (no cloak)
rCorr    .         Harm     .   (no gloves)
MR       +....                  (no boots)
Stlth    ++........             (no amulet)
HPRegen  0.12/turn              H - ring of protection from magic
MPRegen  0.11/turn              (no ring)

@: lethally poisoned (2 -> 0)
A: distributed training, fangs 1, strong nose
a: no special abilities


You were on level 2 of the Dungeon.
You were not hungry.

You visited 1 branch of the dungeon, and saw 2 of its levels.

You collected 77 gold pieces.

Inventory:

Hand Weapons
 a - a +1 dagger
 b - a +0 short sword of electrocution (weapon)
   (You took it off a kobold on level 2 of the Dungeon)
 m - a +0 dagger of speed
   (You found it on level 1 of the Dungeon)
Missiles
 h - 22 sling bullets
 j - 24 stones (quivered)
Armour
 d - a +0 robe (worn)
Jewellery
 H - a ring of protection from magic (left hand)
   (You found it on level 1 of the Dungeon)
Wands
 f - a wand of disintegration (12)
Scrolls
 g - a scroll of enchant weapon
 i - a scroll of remove curse {unknown}
 k - a scroll of fog {unknown}
 l - a scroll of identify {unknown}
Potions
 e - a potion of haste
Comestibles
 c - a ration


   Skills:
 + Level 4.6 Fighting
 + Level 1.0 Short Blades
 + Level 1.0 Long Blades
 + Level 1.0 Axes
 + Level 1.0 Maces & Flails
 + Level 1.0 Polearms
 + Level 1.0 Staves
 + Level 1.0 Slings
 + Level 1.0 Bows
 + Level 1.0 Crossbows
 + Level 2.7 Throwing
 + Level 2.7 Armour
 + Level 1.0 Dodging
 + Level 2.5 Stealth
 + Level 1.0 Shields
 + Level 1.0 Unarmed Combat
 + Level 2.9 Spellcasting
 + Level 0.7 Conjurations
 + Level 0.7 Hexes
 + Level 0.7 Charms
 + Level 0.7 Summonings
 + Level 0.7 Necromancy
 + Level 0.7 Translocations
 + Level 0.7 Transmutations
 + Level 0.7 Fire Magic
 + Level 7.1 Ice Magic
 + Level 0.7 Air Magic
 + Level 0.7 Earth Magic
 + Level 0.7 Poison Magic
 + Level 1.1 Invocations
 + Level 1.0 Evocations


You had 7 spell levels left.
You knew the following spells:

 Your Spells              Type           Power        Failure   Level  Hunger
a - Freeze                Ice            ####         1%          1    None

Your spell library contained the following spells:

 Spells                   Type           Power        Failure   Level  Hunger
 Throw Frost              Conj/Ice       ###...       5%          2    ##.....
 Ozocubu's Armour         Chrm/Ice       ###.....     11%         3    ###....
 Shock                    Conj/Air       #...         13%         1    None
 Summon Ice Beast         Ice/Summ       ###.....     34%         4    ####...
 Throw Icicle             Conj/Ice       ###.....     34%         4    ####...
 Mephitic Cloud           Conj/Pois/Air  #.......     36%         3    ###....


Dungeon Overview and Level Annotations

Branches:
Dungeon (2/15)

Altars:

Annotations:
D:2 exclusion: adder


Innate Abilities, Weirdness & Mutations

Your experience applies equally to all skills.
You have very sharp teeth.
Your uncanny sense of smell can sniff out nearby items.


Message History

Things that are here:
a +0 short sword of electrocution; 22 stones
m - a +0 short sword of electrocution;
j - 24 stones (gained 22) Wield which item (- for none, * to show all)? (? for menu, Esc to quit)
You hear the crackle of electricity.
m - a +0 short sword of electrocution (weapon)
Adjust (i)tems, (s)pells, or (a)bilities?
Adjust which item? (? for menu, Esc to quit)
m - a +0 short sword of electrocution (weapon)
Adjust to which letter? (? for menu, Esc to quit)
b - a +0 short sword of electrocution (weapon)
m - a glowing dagger A goblin comes into view.
It is wielding a +0 club.
Unknown command.
A bat comes into view.
The goblin shouts!
Unknown command.
A goblin comes into view. It is wielding a +0 club.
The goblin shouts!
You hit the bat.
You kill the bat!
You hear an angry hiss.
An adder comes into view.
Casting: Freeze (safe; 1% risk of failure)
Confirm with . or Enter, or press ? or * to list all spells.
Aiming: Freeze (safe; 1% risk of failure)
Press: ? - help, Shift-Dir - straight line, f - adder
Aim: an adder You freeze the adder.
The adder is almost dead.
The adder bites you.
* * * LOW HITPOINT WARNING * * *
An adder comes into view.
The goblin hits you but does no damage.
Casting: Freeze (safe; 1% risk of failure)
Confirm with . or Enter, or press ? or * to list all spells.
Aiming: Freeze (safe; 1% risk of failure)
Press: ? - help, Shift-Dir - straight line, f/p - adder
Aim: an adder (almost dead)
You freeze the adder.
You kill the adder!
Your Short Blades skill increases to level 1!
Your Long Blades skill increases to level 1!
Your Axes skill increases to level 1!
Your Maces & Flails skill increases to level 1!
Your Polearms skill increases to level 1!
Your Staves skill increases to level 1!
Your Slings skill increases to level 1!
Your Bows skill increases to level 1!
Your Crossbows skill increases to level 1!
Your Dodging skill increases to level 1!
Your Shields skill increases to level 1!
Your Unarmed Combat skill increases to level 1!
Your Evocations skill increases to level 1!
You have reached level 4!
You feel agile.
The adder hisses angrily.
The goblin unwields a +0 club.
The goblin wields a +0 hunting sling.
The goblin shoots a stone.
The stone closely misses you.
Casting: Freeze (safe; 1% risk of failure)
Confirm with . or Enter, or press ? or * to list all spells.
Aiming: Freeze (safe; 1% risk of failure)
Press: ? - help, Shift-Dir - straight line, f - goblin
Aim: a goblin, wielding a +0 club You freeze the goblin.
The goblin is moderately wounded.
The goblin hits you with a +0 club.
* * * LOW HITPOINT WARNING * * *
Casting: Freeze (safe; 1% risk of failure)
Confirm with . or Enter, or press ? or * to list all spells.
Aiming: Freeze (safe; 1% risk of failure)
Press: ? - help, Shift-Dir - straight line, f/p - goblin
Aim: a goblin, wielding a +0 club (moderately wounded)
You freeze the goblin.
You kill the goblin!
The goblin shoots a stone.
The stone hits you.
* * * LOW HITPOINT WARNING * * *
Evoke which item? (* to show all) (? for menu, Esc to quit)
Aiming: Disintegrate
Press: ? - help, Shift-Dir - straight line, f - goblin
Aim: a goblin, wielding a +0 hunting sling (chance to defeat MR: 83%)
The goblin is blasted.
You blow up the goblin!
The adder bites you.
* * * LOW HITPOINT WARNING * * *
You are lethally poisoned!
The adder poisons you!
Casting: Freeze (safe; 1% risk of failure)
Confirm with . or Enter, or press ? or * to list all spells.
Aiming: Freeze (safe; 1% risk of failure)
Press: ? - help, Shift-Dir - straight line, f - adder
Aim: an adder You freeze the adder.
The adder is almost dead.
The adder seems to slow down.
* * * LOW HITPOINT WARNING * * *
You feel sick. The adder bites you but does no damage.
Unknown command.
Okay, then.
Unknown command.
Are you sure you want to abandon this character and quit the game? (Confirm with "yes".)

#.##..###.#..
#.......#...#
...........#...#
###..............#
#......#.........#.###.
#......#...............
#....#.................
##....#%.#.# ##..S..)...
......#....###..@.......
##...........(..S)......
##....##................
.<....###...............
......###†..............
....#.#.....%.##........
.#...........#..........
##...........#.##.......
#..###.....#..# #.#.


You could see 2 adders.

Vanquished Creatures
  4 adders (D:2)
  2 leopard geckos (D:1)
  A giant cockroach (D:1)
  4 goblins
  A hobgoblin (D:1)
  5 bats
  A frilled lizard (D:1)
  5 kobolds
  4 rats
27 creatures vanquished.

Notes
Turn   | Place    | Note
-------+----------+-------------------------------------------
     0 | D:1      | tidbits the Gnoll Wanderer began the quest for the Orb.
     0 | D:1      | tidbits set off with the following items: a potion of
                  | lignification, a +0 robe, a +0 dagger, a ration; and the
                  | following spells available to memorise: Freeze, Throw
                  | Frost, Ozocubu's Armour, Shock, Summon Ice Beast, Throw
                  | Icicle, Mephitic Cloud
     0 | D:1      | Reached XP level 1. HP: 20/20 MP: 4/4
     2 | D:1      | Learned a level 1 spell: Freeze
    27 | D:2      | Reached XP level 2. HP: 26/26 MP: 2/5
   259 | D:1      | Reached XP level 3. HP: 27/31 MP: 5/7
   342 | D:2      | Reached skill level 1 in Invocations
   415 | D:2      | Reached skill level 1 in Short Blades
   415 | D:2      | Reached skill level 1 in Long Blades
   415 | D:2      | Reached skill level 1 in Axes
   415 | D:2      | Reached skill level 1 in Maces & Flails
   415 | D:2      | Reached skill level 1 in Polearms
   415 | D:2      | Reached skill level 1 in Staves
   415 | D:2      | Reached skill level 1 in Slings
   415 | D:2      | Reached skill level 1 in Bows
   415 | D:2      | Reached skill level 1 in Crossbows
   415 | D:2      | Reached skill level 1 in Dodging
   415 | D:2      | Reached skill level 1 in Shields
   415 | D:2      | Reached skill level 1 in Unarmed Combat
   415 | D:2      | Reached skill level 1 in Evocations
   415 | D:2      | Reached XP level 4. HP: 10/38 MP: 5/8
   418 | D:2      | HP: 3/38 [adder (3)]
   420 | D:2      | Quit the game

Vault maps used:
D:1:      dpeg_arrival_rooms_b
D:2:      cheibriados_altar_1, feat_on_display, uniq_crazy_yiuf_cottage

Skill      XL: |  1  2  3 |
---------------+----------+-----
Invocations    | 1 |  1.1
Short Blades   | 1 |  1.0
Long Blades    | 1 |  1.0
Axes           | 1 |  1.0
Maces & Flails | 1 |  1.0
Polearms       | 1 |  1.0
Staves         | 1 |  1.0
Slings         | 1 |  1.0
Bows           | 1 |  1.0
Crossbows      | 1 |  1.0
Dodging        | 1 |  1.0
Shields        | 1 |  1.0
Unarmed Combat | 1 |  1.0
Evocations     | 1 |  1.0
Fighting       | |  4.6
Throwing       | |  2.7
Armour         | |  2.7
Stealth        | |  2.5
Spellcasting   | |  2.9
Conjurations   | |  0.7
Hexes          | |  0.7
Charms         | |  0.7
Summonings     | |  0.7
Necromancy     | |  0.7
Translocations | |  0.7
Transmutations | |  0.7
Fire Magic     | |  0.7
Ice Magic      | |  7.1
Air Magic      | |  0.7
Earth Magic    | |  0.7
Poison Magic   | |  0.7

Action                   |  1- 3 |  4- 6 || total
-------------------------+-------+-------++-------
Melee: Dagger            |     8 |       ||     8
       Unarmed           |     8 |       ||     8
       Short sword       |     1 |       ||     1
 Cast: Freeze            |    23 |     4 ||    27
Evoke: Wand              |     1 |     1 ||     2
  Use: Potion            |     2 |       ||     2
       Scroll            |     1 |       ||     1
 Stab: Sleeping          |     3 |       ||     3
Armor: Robe              |     9 |     1 ||    10
       Skin              |     5 |       ||     5
Dodge: Dodged            |    21 |     1 ||    22

Table legend:
 A = Non-vault XP
 B = Vault XP
 C = Vault XP percentage of total XP
 D = Non-vault monster count
 E = Vault monster count
 F = Vault count percentage of total count
                 A         B        C        D         E       F
            +---------+---------+-------+---------+---------+-------
      Total |      91 |       0 |   0.0 |      27 |       0 |   0.0
            +---------+---------+-------+---------+---------+-------
        D:1 |      22 |       0 |   0.0 |      13 |       0 |   0.0
        D:2 |      69 |       0 |   0.0 |      14 |       0 |   0.0
            +---------+---------+-------+---------+---------+-------

Table legend:
 A = Turns spent in this place as a percentage of turns spent in the entire game.
 B = Non-inter-level travel turns spent in this place as a percentage of non-inter-level travel turns spent in the entire game.
 C = Inter-level travel turns spent in this place as a percentage of turns spent in this place.
 D = Turns resting spent in this place as a percentage of non-inter-level travel turns spent in this place.
 E = Turns spent auto-exploring this place as a percentage of non-inter-level travel turns spent in this place.
 F = Non-inter-level travel turns spent in this place divided by the number of levels of this place that you've seen.
                   A       B       C       D       E      F
               +-------+-------+-------+-------+-------+----------------------
         Total | 100.0 | 100.0 |   0.0 |   0.0 |   0.0 | 210.0
       Dungeon | 100.0 | 100.0 |   0.0 |   0.0 |   0.0 | 210.0
               +-------+-------+-------+-------+-------+----------------------

Table legend:
 A = Kills in this place as a percentage of kills in entire the game.
 B = Kills by you in this place as a percentage of kills by you in the entire game.
 C = Kills by friends in this place as a percentage of kills by friends in the entire game.
 D = Other kills in this place as a percentage of other kills in the entire game.
 E = Experience gained in this place as a percentage of experience gained in the entire game.
 F = Experience gained in this place divided by the number of levels of this place that you have seen.
                   A       B       C       D       E      F
               +-------+-------+-------+-------+-------+----------------------
         Total | 100.0 | 100.0 |   N/A |   N/A | 100.0 |  45.5
       Dungeon | 100.0 | 100.0 |   N/A |   N/A | 100.0 |  45.5
               +-------+-------+-------+-------+-------+----------------------

Vault maps used:
D:1:      dpeg_arrival_rooms_b
D:2:      cheibriados_altar_1, feat_on_display, uniq_crazy_yiuf_cottage
